 Dungeon Crawl Stone Soup version 0.30.1 (webtiles) character file.

Game seed: 14188443459377539632

112 DemonSlayer the Digger (level 4, -3/30 HPs)
             Began as a Demonspawn Earth Elementalist on July 7, 2023.
             Slain by an iguana (13 damage)
             ... on level 5 of the Dungeon.
             The game lasted 00:03:59 (2264 turns).

DemonSlayer the Digger (DsEE)                       Turns: 2264, Time: 00:03:59

Health: -3/30      AC:  2    Str:  8    XL:     4   Next: 64%
Magic:  1/9        EV: 12    Int: 16    God:
Gold:   44         SH:  0    Dex: 16    Spells: 4/10 levels left

rFire   . . .        h - +2 dagger (freeze)
rCold   . . .        (no shield)
rNeg    . . .        a - +0 robe
rPois   .            (helmet restricted)
rElec   .            (no cloak)
rCorr   .            (no gloves)
SInv    .            (no boots)
Will    .....        (no amulet)
Stlth   ++           n - ring of wizardry
HPRegen 0.25/turn    (no ring)
MPRegen 0.11/turn

%: wizardry (x1)
@: no status effects
A: antennae 1, powered by pain 1
a: no special abilities


You were on level 5 of the Dungeon.
You visited 1 branch of the dungeon, and saw 5 of its levels.

You collected 213 gold pieces.
You spent 169 gold pieces at shops.

Inventory:

Hand Weapons
 h - a +2 dagger of freezing (weapon)
Armour
 a - a +0 robe (worn)
Jewellery
 n - a ring of wizardry (left hand)
Scrolls
 b - a scroll of acquirement {unknown}
 c - 2 scrolls of fear
 d - a scroll of torment {unknown}
 e - 2 scrolls of enchant weapon {unknown}
 g - a scroll of immolation {unknown}
 i - a scroll of poison
 k - 2 scrolls of teleportation
 l - a scroll of enchant armour {unknown}
 m - a scroll of summoning
Potions
 f - a potion of haste {unknown}
 j - 3 potions of curing
 o - a potion of mutation {unknown}
 p - 2 potions of heal wounds
 q - a potion of resistance {unknown}


   Skills:
 + Level 0.1 Short Blades
 + Level 1.8 Dodging
 + Level 1.9 Stealth
 + Level 3.5 Spellcasting
 + Level 0.8 Transmutations
 + Level 3.7 Earth Magic


You had 4 spell levels left.
You knew the following spells:

 Your Spells              Type           Power      Damage    Failure   Level
a - Sandblast             Erth           28%        2d8       1%          1
b - Passwall              Tmut/Erth      8%         N/A       4%          2
c - Stone Arrow           Conj/Erth      16%        3d8       10%         3

Your spell library contained the following spells:

 Spells                   Type           Power      Damage    Failure   Level
 Freeze                   Ice            8%         1d3       8%          1
 Frozen Ramparts          Ice            4%         1d1       21%         3
 Hailstorm                Conj/Ice       2%         3d3       21%         3
 Petrify                  Tmut/Erth      10%        N/A       26%         4


Dungeon Overview and Level Annotations

Branches:
Dungeon (5/15)
 Temple: D:4-7

Altars:
Vehumet

Shops:
D:4 !

Annotations:
D:2 Terence
D:4 Sigmund


Innate Abilities, Weirdness & Mutations

You have a pair of small antennae on your head.
You sometimes gain a little power by taking damage.


Message History

The blast of sand hits the quokka!
You kill the quokka!
You can't see any susceptible monsters within range! (Use Z to cast anyway.)
You can't see any susceptible monsters within range! (Use Z to cast anyway.)
You can't see any susceptible monsters within range! (Use Z to cast anyway.)
You can't see any susceptible monsters within range! (Use Z to cast anyway.)
You see here a quokka corpse.
Sigmund the Dreaded comes into view.
He is wielding a +0 scythe.
Sigmund is nearby!
There is an escape hatch in the floor here.
You slide downwards.
The hatch slams shut behind you.
Found a stone staircase leading up and a stone staircase leading down.
You can't go up here!
An iguana is nearby!
The blast of sand hits the iguana.
The iguana is heavily wounded.
The iguana hisses angrily.
The blast of sand hits the iguana.
The iguana is heavily wounded.
The iguana barely misses you. The iguana closely misses you.
The blast of sand misses the iguana.
The iguana closely misses you.
The blast of sand misses the iguana.
The iguana barely misses you. The iguana misses you.
The blast of sand hits the iguana.
The iguana is severely wounded.
The iguana bites you!
The blast of sand hits the iguana.
The iguana is severely wounded.
The iguana closely misses you. The iguana bites you!
You are too injured to fight recklessly!
You are too injured to fight recklessly!
You are too injured to fight recklessly!
Casting: Sandblast (safe; 1% risk of failure)
Confirm with . or Enter, or press ? or * to list all spells.
The spell is quite dangerous to miscast (10% risk of failure)!
Continue anyway?
Aiming: Stone Arrow (quite dangerous; 10% risk of failure)
Press: ? - help, Shift-Dir - straight line, f/p - iguana
Aim: an iguana (severely wounded, 69% to hit)
The stone arrow misses the iguana.
The iguana bites you!
You die...

. #######
..##..>..##
.......l..#
.......@.#
......<..#
..........#
..##.....##
# #######


You could see an iguana.

Vanquished Creatures
  2 sleepcaps
  2 adders (D:2)
  A dart slug (D:3)
  An orc (D:3)
  2 endoplasms (D:1)
  A giant cockroach (D:1)
  7 goblins
  3 hobgoblins
  2 quokkas
  5 ball pythons
  4 bats
  3 frilled lizards
  3 kobolds (D:1)
  A rat (D:1)
37 creatures vanquished.

Notes
Turn   | Place    | Note
-------+----------+-------------------------------------------
     0 | D:1      | DemonSlayer the Demonspawn Earth Elementalist began the
                  | quest for the Orb.
     0 | D:1      | Reached XP level 1. HP: 13/13 MP: 3/3
   203 | D:1      | Gained mutation: You sometimes gain a little power by
                  | taking damage. [demonic ancestry]
   203 | D:1      | Reached XP level 2. HP: 16/19 MP: 5/5
   977 | D:1      | Learned a level 2 spell: Passwall
  1084 | D:2      | Reached XP level 3. HP: 24/24 MP: 3/6
  1379 | D:2      | Noticed Terence
  1540 | D:3      | Learned a level 3 spell: Stone Arrow
  1544 | D:3      | Gained mutation: You have a pair of small antennae on your
                  | head. [demonic ancestry]
  1544 | D:3      | Reached XP level 4. HP: 30/30 MP: 5/9
  1719 | D:3      | Found a faded altar of an unknown god.
  1767 | D:3      | Found a radiant altar of Vehumet.
  2170 | D:4      | Found Cekotwuo's Distillery.
  2175 | D:4      | Bought a potion of curing for 39 gold pieces
  2175 | D:4      | Bought a potion of heal wounds for 65 gold pieces
  2175 | D:4      | Bought a potion of heal wounds for 65 gold pieces
  2251 | D:4      | Noticed Sigmund
  2256 | D:5      | Entered Level 5 of the Dungeon
  2264 | D:5      | Slain by an iguana

Illustrated notes

Levels and vault maps discovered:
D:1:      erik_arrival_cave_to_civilisation [erik_arrival_cave_to_hall],
          layout_basic, roderic_three_in_a_row
D:2:      layout_basic, uniq_terence
D:3:      layout_basic, nicolae_vehumet_altar_sigil,
          shapermc_ecumenical_altar_mp_urbaneastern
D:4:      layout_loops_corners, serial_shops, shop, uniq_duvessa, uniq_pikel,
          uniq_menkaure, uniq_sigmund
D:5:      layout_gridville, old_standard_altar, temple_doors_ab,
          uniq_prince_ribbit1

Skill      XL: |  1  2  3 |
---------------+----------+-----
Earth Magic    | 3 |  3.7
Spellcasting   | 3 |  3.5
Short Blades   | |  0.1
Dodging        | |  1.8
Stealth        | |  1.9
Transmutations | |  0.8

Action                     |  1- 3 |  4- 6 || total
---------------------------+-------+-------++-------
  Melee: Dagger            |    12 |     9 ||    21
         Unarmed           |     1 |       ||     1
   Cast: Sandblast         |    31 |    20 ||    51
         Stone Arrow       |     3 |     1 ||     4
    Use: Potion            |     1 |       ||     1
         Scroll            |       |     5 ||     5
   Stab: Sleeping          |     1 |       ||     1
 Armour: Robe              |     4 |       ||     4
  Dodge: Dodged            |    15 |    26 ||    41
